 Dungeon Crawl Stone Soup version 0.19.3-1-g3169bf9 (webtiles) character file.

2949 RKaid the Basher (level 9, 0/60 HPs)
             Began as a Gargoyle Gladiator on Jan 24, 2017.
             Was a Follower of Okawaru.
             Killed from afar by Erica (18 damage)
             ... with an orb of energy
             ... on level 8 of the Dungeon.
             The game lasted 00:17:10 (6793 turns).

RKaid the Basher (Gargoyle Gladiator)               Turns: 6793, Time: 00:17:10

Health: 0/60       AC: 12    Str: 20    XL:     9   Next: 81%
Magic:  9/9        EV: 12    Int: 11    God:    Okawaru [*.....]
Gold:   48         SH:  0    Dex: 13    Spells: 0 memorised, 8 levels left

rFire  . . .     SeeInvis +     w - +1 whip (freeze)
rCold  . . .     Gourm    +     L - +3 leather armour
rNeg   + . .     Faith    .     (no shield)
rPois  ∞         Spirit   .     c - +0 helmet
rElec  +         Reflect  .     (no cloak)
rCorr  .         Harm     .     (no gloves)
MR     .....                    (no boots)
Stlth  +.........               s - amulet of the gourmand {Gourm}
                                u - +3 ring of intelligence
                                l - ring of see invisible {sInv}

@: no status effects
A: negative energy resistance 1, electricity resistance, unbreathing,
petrification resistance, rot immunity, AC +5
a: Heroism, Renounce Religion


You were on level 8 of the Dungeon.
You worshipped Okawaru.
Okawaru was aware of your devotion.
You were completely stuffed.

You visited 2 branches of the dungeon, and saw 9 of its levels.

You collected 350 gold pieces.
You spent 302 gold pieces at shops.

Inventory:

Hand Weapons
 a - a +0 flail
 b - a +3 whip
   (You found it on level 2 of the Dungeon)
 w - a +1 whip of freezing (weapon)
   (You took it off Pikel on level 5 of the Dungeon)
Missiles
 d - 3 throwing nets {=f}
Armour
 c - a +0 helmet (worn)
 L - a +3 leather armour (worn)
   (You found it on level 6 of the Dungeon)
Jewellery
 l - a ring of see invisible (left hand) {sInv}
   (You found it on level 1 of the Dungeon)
 s - an amulet of the gourmand (around neck) {Gourm}
   (You found it on level 2 of the Dungeon)
 u - a +3 ring of intelligence (right hand)
   (You found it on level 2 of the Dungeon)
 x - an uncursed ring of ice {rC+, rF-}
   (You found it on level 3 of the Dungeon)
 y - an uncursed amulet of guardian spirit {Spirit}
   (You found it on level 3 of the Dungeon)
 O - an uncursed ring of positive energy {rN+}
   (You found it on level 8 of the Dungeon)
Wands
 B - a wand of random effects (17/48)
   (You found it on level 4 of the Dungeon)
 J - a wand of slowing (18/48)
   (You found it on level 5 of the Dungeon)
Scrolls
 e - 3 scrolls of teleportation
 g - 5 scrolls of fear
 k - 2 scrolls of enchant armour
 n - 5 scrolls of remove curse
 C - a scroll of immolation {!r}
 D - a scroll of enchant weapon
 E - a scroll of vulnerability {!r!r}
 H - a scroll of blinking {!r}
Potions
 m - 2 potions of cure mutation {unknown}
 o - 2 potions of lignification {!q}
 p - 4 potions of heal wounds
 q - 3 potions of agility {unknown}
 r - 2 potions of cancellation {unknown}
 v - 3 potions of curing {unknown}
 z - a potion of mutation {!q}
 A - a potion of haste {unknown}
 F - a potion of brilliance {unknown}
 I - a potion of ambrosia {unknown}
 M - a potion of beneficial mutation {unknown}
Books
 N - a book of Misfortune
   (You found it on level 8 of the Dungeon)
Comestibles
 f - 9 bread rations
 h - 4 beef jerkies
 j - 4 meat rations
 t - 6 fruits
 G - 6 chunks of flesh
 K - a slice of pizza


   Skills:
 + Level 8.6 Fighting
 * Level 11.1 Maces & Flails
 - Level 1.7 Throwing
 - Level 2.4 Dodging


You had 8 spell levels left.
You didn't know any spells.

Dungeon Overview and Level Annotations

Branches:
Dungeon (8/15)             Temple (1/1) D:7
   Lair: D:8-11

Altars:
Ashenzari
Cheibriados
Dithmenos
Elyvilon
Fedhas
Gozag
Hepliaklqana
Kikubaaqudgha
Makhleb
Nemelex Xobeh
Okawaru
Qazlal
Ru
Sif Muna
Trog
Uskayaw
Vehumet
Xom
Yredelemnul
Zin
The Shining One

Shops:
D:6 *   D:8 [

Annotations:
D:8 Erica, Maurice


Innate Abilities, Weirdness & Mutations

You are resistant to torment.
Your stone body is resilient. (AC +5)
You are immune to poison.
You resist negative energy. (rN+)
You are resistant to electric shocks. (rElec)
You can survive without breathing.
You are immune to petrification.
You are immune to rotting.


Message History

(? for menu, Esc to cancel) < or
l - a ring of see invisible {sInv}; > or
u - a +3 ring of intelligence You remove your ring of see invisible {sInv}.
O - a ring of positive energy (left hand) Put on which piece of jewellery? (? for menu, Esc to quit)
You're wearing all the rings you can.
Remove which one? (? for menu, Esc to cancel) < or
O - a ring of positive energy {rN+} > or
u - a +3 ring of intelligence You remove your ring of positive energy {rN+}.
l - a ring of see invisible (left hand) {sInv} You enter the shallow water.
Moving in this stuff is going to be slow.
You now have 28 gold pieces (gained 9).
i - a wand of flame You drop a wand of flame.
An adder comes into view.
The adder hisses angrily.
The adder bites you.
You hit the adder but do no damage. The adder barely misses you.
You hit the adder. You freeze the adder. You hit the adder.
The adder seems to slow down.
You freeze the adder.
You kill the adder!
Okawaru accepts your kill.
No target in view!
No target in view!
You butcher the adder corpse.
G - 6 chunks of flesh (gained 1)
You now have 48 gold pieces (gained 20).
Marking area around Erica as unsafe for travelling.
Erica the Fiery-Tempered comes into view.
She is wielding a scimitar of flaming.
Erica shouts!
Found a stone staircase leading down.
Erica gestures at you while chanting. The orb of energy hits you!
The orb of energy explodes!
A howler monkey comes into view.
The howler monkey howls!
The howler monkey hoots and howls with incredible vigour!
You hit Erica but do no damage. You closely miss Erica.
Erica closely misses you.
You whack Erica! You freeze Erica. You hit Erica. You freeze Erica.
You hit Erica but do no damage.
Erica hits you with a scimitar of flaming.
Erica burns you.
You barely miss Erica. You closely miss Erica. Erica closely misses you.
You closely miss Erica.
The howler monkey hoots and howls with incredible vigour!
You hear a shout! x2
You hit Erica. You freeze Erica. Erica gestures at you while chanting.
The bolt of poison hits you! You resist.
You hit Erica. You freeze Erica.
The howler monkey hits you but does no damage.
You hit Erica. You freeze Erica. Erica closely misses you.
The howler monkey hits you but does no damage.
You hit Erica. You freeze Erica. You hit Erica. You freeze Erica.
The howler monkey barely misses you.
Erica hits you with a scimitar of flaming!
Erica burns you.
You closely miss Erica.
The howler monkey hits you but does no damage.
You barely miss Erica. Erica hits you but does no damage.
You hit Erica. You freeze Erica.
The howler monkey hits you but does no damage.
You hit Erica. You freeze Erica. You hit Erica but do no damage.
The howler monkey misses you.
Erica hits you with a scimitar of flaming.
Erica burns you.
You barely miss Erica.
The howler monkey hoots and howls with incredible vigour!
You hit Erica but do no damage. Erica closely misses you.
You hit Erica. You freeze Erica.
The howler monkey hits you but does no damage.
You hit Erica but do no damage. Erica hits you but does no damage.
The howler monkey closely misses you.
Okay, then.
You hit Erica but do no damage. You barely miss Erica.
The howler monkey misses you. Erica completely misses you.
You hit Erica. You freeze Erica. The howler monkey misses you.
Press: ? - help, v - describe, . - travel
Here: Erica, wielding a scimitar of flaming and wearing a robe (severely wounded)
The floor, spattered with blood.
Erica casts a spell.
Erica flickers and vanishes for a moment.
You hit the howler monkey. You freeze the howler monkey.
The howler monkey hoots and howls with incredible vigour!
You barely miss the howler monkey. You hit the howler monkey.
You freeze the howler monkey. The howler monkey hits you.
* * * LOW HITPOINT WARNING * * *
You barely miss the howler monkey. The howler monkey closely misses you.
You hit the howler monkey. You freeze the howler monkey.
You kill the howler monkey!
Okawaru accepts your kill. Erica gestures at you while chanting.
The orb of energy hits you!
You die...

..# . )# .#.# .#..?
#######>#.####..#.. #$.....
#..>....... #.....# #......#
.@. #.....# #......# ...
#?.@..# #......##...
###†#####........... #@#
#.......##>.. ############.#
#.#######...# #.........##.##
#.# #.......#
#.........##..###.###.#..#...
#.......................##..#
#.........###.........≈≈≈#..#
#.........# #........≈≈≈≈≈..#
########### #........≈≈∩≈≈..#
#........≈≈[≈≈..#


You could see Erica (invisible).

Vanquished Creatures
  Pikel (D:5)
  A hippogriff (D:7)
  Duvessa (D:7)
  An orc warrior (D:7)
  An ice beast (D:6)
  A phantom (D:4)
  A sky beast (D:7)
  2 centaurs (D:6)
  2 ogres
  2 bullfrogs
  Dowan (D:7)
  4 killer bees (D:7)
  2 howler monkeys
  2 crimson imps
  2 bullfrog zombies
  6 hounds
  2 jellies
  A centaur skeleton (D:5)
  2 orc priests
  An iguana (D:6)
  11 orc wizards
  3 worker ants
  12 adders
  4 gnolls (D:7)
  A shadow imp (D:7)
  An ooze (D:3)
  3 worms
  A dart slug (D:2)
  7 leopard geckos
  21 orcs
  4 giant cockroaches
  2 hobgoblins
  6 jackals
  A kobold (D:3)
  5 quokkas
  A ball python (D:1)
  A ball python skeleton (D:5)
  A bat (D:3)
  3 frilled lizards (D:1)
  8 goblins
  6 rats
138 creatures vanquished.

Vanquished Creatures (others)
  A jelly (D:5)
1 creature vanquished.

Grand Total: 139 creatures vanquished

Notes
Turn   | Place    | Note
-------+----------+-------------------------------------------
     0 | D:1      | RKaid the Gargoyle Gladiator began the quest for the Orb.
     0 | D:1      | Reached XP level 1. HP: 12/12 MP: 1/1
   245 | D:1      | Reached XP level 2. HP: 18/18 MP: 2/2
   708 | D:2      | Reached XP level 3. HP: 21/22 MP: 3/3
   831 | D:2      | Reached skill level 4 in Maces & Flails
  1069 | D:2      | Reached skill level 3 in Fighting
  1150 | D:3      | Reached XP level 4. HP: 28/28 MP: 4/4
  1731 | D:4      | Found a burning altar of Makhleb.
  1761 | D:4      | Reached XP level 5. HP: 24/33 MP: 5/5
  1766 | D:4      | Reached skill level 4 in Fighting
  1905 | D:4      | Reached skill level 5 in Maces & Flails
  1919 | D:4      | Noticed a phantom
  1983 | D:4      | Killed a phantom
  1983 | D:4      | Reached XP level 6. HP: 20/39 MP: 6/6
  2172 | D:4      | Reached skill level 6 in Maces & Flails
  2455 | D:4      | Reached skill level 5 in Fighting
  2455 | D:4      | Reached XP level 7. HP: 44/44 MP: 7/7
  2717 | D:4      | Found an opulent altar of Gozag.
  2717 | D:4      | Found a faded altar of an unknown god.
  2723 | D:4      | Found a bloodstained altar of Trog.
  2725 | D:4      | Found a faded altar of an unknown god.
  2726 | D:4      | Found a faded altar of an unknown god.
  2987 | D:5      | Entered Level 5 of the Dungeon
  3320 | D:5      | Reached skill level 7 in Maces & Flails
  3324 | D:5      | Noticed Pikel
  3358 | D:5      | Killed Pikel
  3358 | D:5      | Reached skill level 6 in Fighting
  3358 | D:5      | Reached skill level 8 in Maces & Flails
  3358 | D:5      | Reached XP level 8. HP: 46/52 MP: 8/8
  4236 | D:6      | Reached skill level 9 in Maces & Flails
  4254 | D:6      | Reached skill level 7 in Fighting
  4558 | D:6      | Found Peryal's General Store.
  4561 | D:6      | Bought a potion of heal wounds for 60 gold pieces
  4561 | D:6      | Bought a scroll of identify for 24 gold pieces
  4582 | D:6      | HP: 13/53 [orc priest/divine providence (11)]
  4695 | D:6      | Reached XP level 9. HP: 36/57 MP: 9/9
  5444 | D:7      | Reached skill level 10 in Maces & Flails
  5464 | D:7      | Noticed Dowan
  5465 | D:7      | Noticed Duvessa
  5485 | D:7      | Killed Duvessa
  5495 | D:7      | Killed Dowan
  5654 | D:7      | Found a staircase to the Ecumenical Temple.
  5679 | Temple   | Entered the Ecumenical Temple
  5774 | Temple   | Became a worshipper of Warmaster Okawaru
  5823 | D:7      | Found a sacrificial altar of Ru.
  5963 | D:7      | Reached skill level 8 in Fighting
  6577 | D:8      | Noticed Maurice
  6606 | D:8      | Reached skill level 11 in Maces & Flails
  6615 | D:8      | Reached * piety under Okawaru
  6677 | D:8      | Found Ideacu's Antique Armour Emporium.
  6687 | D:8      | Bought a pair of shimmering boots for 218 gold pieces
  6692 | D:8      | Identified the cursed -6 pair of boots "Nomahamn" {rN+ Str-5 Int+6 Dex+4} (You bought it in a shop on level 8 of the Dungeon)
  6759 | D:8      | Noticed Erica
  6793 | D:8      | Killed from afar by Erica

Skill      XL: |  1  2  3  4  5  6  7  8  9 |
---------------+----------------------------+-----
Maces & Flails | 4 5 6 8 9 11 | 11.1
Fighting       | 3 4 5 6 7 8 |  8.6
Throwing       | |  1.7
Dodging        | |  2.4

Action                   |  1- 3 |  4- 6 |  7- 9 || total
-------------------------+-------+-------+-------++-------
Melee: Flail             |    91 |       |       ||    91
       Whip              |     4 |   187 |   466 ||   657
Evoke: Wand              |       |       |     1 ||     1
  Use: Scroll            |       |     1 |     9 ||    10
       Potion            |       |       |     2 ||     2
 Stab: Sleeping          |       |       |     2 ||     2
       Paralysed         |       |       |     5 ||     5
  Eat: Chunk             |     3 |    13 |    14 ||    30
Armor: Leather armour    |    39 |    56 |   136 ||   231
       Skin              |       |       |    15 ||    15
Dodge: Dodged            |    69 |    93 |   164 ||   326

Vault maps used:
D:1:      enne_arrival_octagon_isle
D:4:      nicolae_overflow_crystal_walls, chequers_temple_overflow_minitemple,
          first_bread
D:5:      uniq_pikel
D:6:      serial_shops, kennysheep_mini_moat
D:7:      temple_green, nicolae_ru_sacrificial_ziggurat, uniq_duvessa
D:8:      serial_shops, nicolae_shop_waterfront, uniq_maurice, uniq_psyche,
          uniq_erica
Temple:   compressed_dpeg_circular_temple

Table legend:
 A = Turns spent in this place as a percentage of turns spent in the entire game.
 B = Non-inter-level travel turns spent in this place as a percentage of non-inter-level travel turns spent in the entire game.
 C = Inter-level travel turns spent in this place as a percentage of turns spent in this place.
 D = Turns resting spent in this place as a percentage of non-inter-level travel turns spent in this place.
 E = Turns spent auto-exploring this place as a percentage of non-inter-level travel turns spent in this place.
 F = Non-inter-level travel turns spent in this place divided by the number of levels of this place that you've seen.
                   A       B       C       D       E      F
               +-------+-------+-------+-------+-------+----------------------
         Total | 100.0 | 100.0 |   0.5 |   1.7 |   8.5 | 220.4
       Dungeon |  98.5 |  98.5 |   0.4 |   1.7 |   7.6 | 244.4
        Temple |   1.5 |   1.5 |   3.3 |   0.0 |  69.0 |  29.0
               +-------+-------+-------+-------+-------+----------------------

Table legend:
 A = Kills in this place as a percentage of kills in entire the game.
 B = Kills by you in this place as a percentage of kills by you in the entire game.
 C = Kills by friends in this place as a percentage of kills by friends in the entire game.
 D = Other kills in this place as a percentage of other kills in the entire game.
 E = Experience gained in this place as a percentage of experience gained in the entire game.
 F = Experience gained in this place divided by the number of levels of this place that you have seen.
                   A       B       C       D       E      F
               +-------+-------+-------+-------+-------+----------------------
         Total | 100.0 | 100.0 |  -nan |  -nan | 100.0 | 468.2
       Dungeon | 100.0 | 100.0 |  -nan |  -nan | 100.0 | 526.8
               +-------+-------+-------+-------+-------+----------------------
